 Dungeon Crawl Stone Soup version 0.26-a0-660-gc07710193c (webtiles) character file.

Game seed: 15605058090242224005

4099 DogServant the Basher (level 10, -3/63 HPs)
             Began as a Gargoyle Fighter on Oct 6, 2020.
             Was an Elder of Okawaru.
             Slain by an iguana (8 damage)
             ... on level 7 of the Dungeon.
             The game lasted 00:14:35 (8884 turns).

DogServant the Basher (Gargoyle Fighter)            Turns: 8884, Time: 00:14:36

Health: -3/63      AC: 15    Str: 21    XL:     10   Next: 26%
Magic:  12/12      EV:  8    Int:  9    God:    Okawaru [****..]
Gold:   417        SH: 11    Dex: 11    Spells: 9/9 levels left

rFire    + . .     SeeInvis .   u - +0 morningstar
rCold    + . .     Faith    .   c - +1 kite shield
rNeg     + . .     Spirit   .   b - +0 scale mail
rPois    ∞         Reflect  .   (no helmet)
rElec    +         Harm     .   (no cloak)
rCorr    .         Rampage  .   p - +0 pair of gloves
MR       .....                  (no boots)
Stlth    ..........             (no amulet)
HPRegen  0.20/turn              B - ring of protection from cold (curse)
MPRegen  0.13/turn              s - ring of protection from fire

@: no status effects
A: negative energy resistance 1, electricity resistance, unbreathing,
petrification resistance, rot immunity, AC +7
a: Heroism, Renounce Religion


You were on level 7 of the Dungeon.
You worshipped Okawaru.
Okawaru was greatly pleased with you.
You visited 2 branches of the dungeon, and saw 9 of its levels.

You collected 417 gold pieces.

Inventory:

Hand Weapons
 a - a +0 flail
 u - a +0 morningstar (weapon)
 z - a +2 mace of holy wrath
Missiles
 l - 8 poisoned darts (quivered)
 m - 12 boomerangs
 r - 5 silver boomerangs
 t - 3 atropa-tipped darts
Armour
 b - a +0 scale mail (worn)
 c - a +1 kite shield (worn)
 p - a +0 pair of gloves (worn)
 D - a +0 plate armour
Jewellery
 o - an uncursed ring of magical power
 s - a ring of protection from fire (right hand)
 B - a cursed ring of protection from cold (left hand)
Wands
 q - a wand of paralysis (5)
 y - a wand of digging (10)
 C - a wand of flame (17)
 G - a wand of acid (13)
Scrolls
 i - 8 scrolls of teleportation
 j - a scroll of magic mapping
 w - 2 scrolls of remove curse
 x - 2 scrolls of random uselessness
 A - a scroll of enchant armour
 E - a scroll of identify
Potions
 d - 4 potions of might
 e - a potion of lignification {unknown}
 f - 2 potions of berserk rage
 g - a potion of invisibility
 h - 2 potions of curing
 k - 2 potions of stabbing
 n - a potion of resistance
 v - 2 potions of ambrosia


   Skills:
 - Level 7.1 Fighting
 + Level 9.0 Maces & Flails
 - Level 6.1 Throwing
 - Level 4.0 Armour
 + Level 0.4 Dodging
 - Level 6.1 Shields
 + Level 3.9 Invocations
 - Level 3.1 Evocations


You had 9 spell levels left.
You didn't know any spells.
Your spell library contained the following spells:

 Spells                   Type           Power        Failure   Level
 Magic Dart               Conj           #...         98%         1
 Blink                    Tloc           N/A          99%         2
 Call Imp                 Summ           #.......     99%         2
 Slow                     Hex            #.......     99%         2
 Conjure Flame            Conj/Fire      #.......     100%        3
 Mephitic Cloud           Conj/Pois/Air  #.......     100%        3


Dungeon Overview and Level Annotations

Branches:
Dungeon (8/15)             Temple (1/1) D:4
   Lair: D:8-11

Altars:
Ashenzari
Dithmenos
Elyvilon
Fedhas
Gozag
Kikubaaqudgha
Makhleb
Nemelex Xobeh
Okawaru
Ru
Sif Muna
Trog
Uskayaw
Vehumet
Wu Jian
Yredelemnul
The Shining One


Innate Abilities, Weirdness & Mutations

You are resistant to torment.
Your stone body is resilient. (AC +7)
You are immune to poison.
You resist negative energy. (rN+)
You are resistant to electric shocks. (rElec)
You can survive without breathing.
You are immune to petrification.
You are immune to rotting.


Message History

The wyvern bites you.
* * * LOW HITPOINT WARNING * * *
The iguana bites you.
* * * LOW HITPOINT WARNING * * *
The wyvern barely misses you.
You hit the wyvern.
The wyvern is severely wounded.
The iguana bites you.
* * * LOW HITPOINT WARNING * * *
You block the wyvern's attack.
You hit the wyvern.
The wyvern is severely wounded.
You block the wyvern's attack. The iguana barely misses you.
The wyvern closely misses you.
You bludgeon the wyvern!!
You kill the wyvern!
Okawaru accepts your kill.
Your Maces & Flails skill increases to level 9!
You block the iguana's attack. The iguana bites you!
You die...

############## #########
#............#
........######.##########.#
#######........# #.# ...#
########## #.# ##.#
#.####### ##.#
############.......# #.#
#.l@†.....########.# #.#
#.#######.# #.# #.# ##.##
#.# #.# #.# ##.#.######.#
#.# #.# ##.###.......# #.#
##.########.#.#.########
#.# ...........###.## #.#
##.########.#.## #.#
##.##...####.## #.#


You could see an iguana.

Vanquished Creatures
  Prince Ribbit (D:6)
  4 wyverns
  A basilisk (D:8)
  Duvessa (D:5)
  2 water moccasins (D:8)
  2 orc warriors (D:8)
  A sky beast (D:6)
  3 black bears
  6 ogres
  A centaur (D:7)
  4 bullfrogs
  Dowan (D:5)
  2 scorpions
  A wyvern skeleton (D:8)
  2 howler monkeys
  2 bullfrog zombies
  4 hounds
  7 orc wizards
  6 orc priests
  Crazy Yiuf (D:5)
  A bullfrog skeleton (D:6)
  2 jellies
  A centaur skeleton (D:8)
  2 iguanas
  Natasha (thrice) (D:3)
  3 worker ants
  A hound zombie (D:5)
  A hound skeleton (D:4)
  Robin (D:4)
  9 adders
  3 gnolls (D:5)
  A shadow imp (D:5)
  A white imp (D:6)
  An ufetubus (D:5)
  2 oozes
  2 adder zombies
  A worm (D:3)
  3 dart slugs
  4 leopard geckos
  45 orcs
  5 bats
  4 giant cockroaches
  14 goblins
  7 hobgoblins
  23 jackals
  2 quokkas
  3 ball pythons
  6 frilled lizards
  A jackal zombie (D:6)
  2 kobolds
  A quokka skeleton (D:4)
  3 rats
210 creatures vanquished.

Vanquished Creatures (others)
  6 fungi (D:8)
  18 plants (D:8)
24 creatures vanquished.

Grand Total: 234 creatures vanquished

Notes
Turn   | Place    | Note
-------+----------+-------------------------------------------
     0 | D:1      | DogServant the Gargoyle Fighter began the quest for the
                  | Orb.
     0 | D:1      | Reached XP level 1. HP: 14/14 MP: 1/1
   342 | D:1      | Reached XP level 2. HP: 19/19 MP: 2/2
   631 | D:1      | Reached XP level 3. HP: 24/24 MP: 3/3
  1198 | D:2      | Reached XP level 4. HP: 28/29 MP: 4/4
  1516 | D:2      | Reached skill level 3 in Maces & Flails
  1834 | D:3      | Reached XP level 5. HP: 27/34 MP: 5/5
  2043 | D:3      | Noticed Natasha
  2061 | D:3      | Killed Natasha
  2063 | D:3      | Noticed Natasha
  2070 | D:3      | Killed Natasha
  2205 | D:3      | Noticed Natasha
  2212 | D:3      | Killed Natasha
  2283 | D:4      | Found a staircase to the Ecumenical Temple.
  2283 | D:4      | Noticed an ogre
  2293 | D:4      | Killed an ogre
  2293 | D:4      | Reached skill level 5 in Fighting
  2293 | D:4      | Reached skill level 4 in Maces & Flails
  2293 | D:4      | Reached XP level 6. HP: 28/40 MP: 6/6
  2300 | Temple   | Entered the Ecumenical Temple
  2576 | Temple   | Became a worshipper of Warmaster Okawaru
  2650 | D:4      | Reached skill level 1 in Throwing
  2874 | D:4      | Reached XP level 7. HP: 40/44 MP: 7/7
  3014 | D:4      | Noticed Robin
  3074 | D:4      | Killed Robin
  3392 | D:4      | Reached * piety under Okawaru
  3439 | D:4      | Reached skill level 5 in Maces & Flails
  3863 | D:5      | Entered Level 5 of the Dungeon
  3864 | D:5      | Noticed Duvessa
  3866 | D:5      | Noticed Dowan
  3886 | D:5      | Killed Duvessa
  3898 | D:5      | Killed Dowan
  3898 | D:5      | Reached XP level 8. HP: 34/51 MP: 8/8
  4060 | D:5      | Found a hide-covered altar of Uskayaw.
  4311 | D:5      | Reached skill level 6 in Maces & Flails
  4428 | D:5      | Found an iron altar of Okawaru.
  4447 | D:5      | Found a runed translucent door.
  4448 | D:5      | Noticed Crazy Yiuf
  4498 | D:5      | Killed Crazy Yiuf
  4600 | D:5      | Reached ** piety under Okawaru
  5115 | D:6      | Reached skill level 7 in Maces & Flails
  5115 | D:6      | Reached skill level 5 in Throwing
  5423 | D:6      | Noticed Prince Ribbit
  5446 | D:6      | Reached XP level 9. HP: 42/55 MP: 9/9
  5798 | D:6      | Killed Prince Ribbit
  5798 | D:6      | Reached skill level 8 in Maces & Flails
  6268 | D:7      | Reached *** piety under Okawaru
  6447 | D:7      | Reached skill level 1 in Invocations
  6469 | D:7      | Found a basalt altar of Yredelemnul.
  6488 | D:7      | Found a white marble altar of Elyvilon.
  6534 | D:7      | Reached skill level 1 in Evocations
  7178 | D:8      | Reached skill level 5 in Shields
  7229 | D:8      | Received a gift from Okawaru
  7282 | D:8      | Found a radiant altar of Vehumet.
  7709 | D:8      | Reached **** piety under Okawaru
  7710 | D:8      | Received a gift from Okawaru
  7710 | D:8      | Reached XP level 10. HP: 8/61 MP: 12/12
  8001 | D:8      | Found an ancient bone altar of Kikubaaqudgha.
  8884 | D:7      | Reached skill level 9 in Maces & Flails
  8884 | D:7      | Slain by an iguana

Illustrated notes

Levels and vault maps discovered:
D:1:      matt_arrival_spirals, layout_basic
D:2:      minmay_alternating_diamond, layout_basic
D:3:      layout_rooms, uniq_natasha
D:4:      layout_cave_pods, minmay_temple_entry_stoned_glass, uniq_robin
D:5:      layout_cave_pools, nicolae_overflow_crystal_walls, okawaru_trees_2,
          uniq_crazy_yiuf_cottage, uniq_duvessa
D:6:      layout_cave_pods, kennysheep_generic_room_2, uniq_prince_ribbit1
D:7:      layout_loops_ring, old_standard_altar, overflow_temple_1_default
D:8:      layout_layer_cave, vehumet_crystals, lemuel_crystal_altar,
          lemuel_round_altar, gammafunk_temple_overflow_claw,
          minmay_lair_entry_grove, serial_bayou_pond_a
Temple:   minmay_temple_bridge_abc

Skill      XL: |  1  2  3  4  5  6  7  8  9 10 |
---------------+-------------------------------+-----
Fighting       | 4 5 6 7 |  7.1
Shields        | 4 5 6 |  6.1
Maces & Flails | 3 4 5 7 8 9 |  9.0
Armour         | 4 |  4.0
Throwing       | 1 3 5 6 |  6.1
Invocations    | 3 |  3.9
Evocations     | 2 3 |  3.1
Dodging        | |  0.4

Action                   |  1- 3 |  4- 6 |  7- 9 | 10-12 || total
-------------------------+-------+-------+-------+-------++-------
Melee: Flail             |    94 |   173 |    76 |       ||   343
       Morningstar       |       |       |   309 |    79 ||   388
       Mace              |       |       |   211 |       ||   211
Throw: Boomerang         |    17 |    10 |       |       ||    27
       Dart              |       |       |     6 |       ||     6
Evoke: Wand              |       |       |     1 |       ||     1
  Use: Scroll            |       |     7 |     7 |     1 ||    15
       Potion            |       |     1 |     3 |       ||     4
 Stab: Paralysed         |       |       |     2 |       ||     2
Armor: Scale mail        |    54 |    81 |   437 |    27 ||   599
Dodge: Dodged            |    39 |    51 |   235 |    24 ||   349
Block: Kite shield       |    71 |   108 |   383 |    69 ||   631

Table legend: (Time is in decaauts)
 A = Elapsed time spent in this place.
 B = Non-inter-level travel time spent in this place.
 C = Inter-level travel time spent in this place.
 D = Time resting spent in this place.
 E = Time spent auto-exploring this place.
 F = Levels seen in this place.
 G = Mean time per level.
                   A        B        C        D        E       F      G
               +--------+--------+--------+--------+--------+-----+--------+
         Total |   9107 |   8826 |    281 |   1259 |   5728 |   9 | 1011.9 |
       Dungeon |   8810 |   8550 |    260 |   1259 |   5480 |   8 | 1101.2 |
        Temple |    297 |    276 |     21 |      0 |    248 |   1 |  297.0 |
               +--------+--------+--------+--------+--------+-----+--------+

Top non-repeatable levels by time:
     D:8: 1434 daAuts
     D:6: 1341 daAuts
     D:4: 1335 daAuts
     D:7: 1267 daAuts
     D:5: 1058 daAuts
     D:1: 979 daAuts
     D:3: 738 daAuts
     D:2: 654 daAuts
  Temple: 297 daAuts
